 Dungeon Crawl Stone Soup version 0.25-a0-589-g1e14c549ee (webtiles) character file.

Game seed: 8289497220811592467, levelgen mode: deterministic

15624 RedPan the Fighter (level 12, -3/99 HPs)
             Began as a Gnoll Wanderer on Mar 12, 2020.
             Was a Priest of Cheibriados.
             Killed by nerve-wracking pain
             ... invoked by a shadow imp
              (4 damage)
             ... on level 11 of the Dungeon.
             The game lasted 00:31:25 (12707 turns).

RedPan the Fighter (Gnoll Wanderer)                Turns: 12707, Time: 00:31:25

Health: -3/99      AC: 18    Str: 27    XL:     12   Next: 29%
Magic:  28/31      EV: 14    Int: 21    God:    Cheibriados [***...]
Gold:   417        SH:  0    Dex: 25    Spells: 22/25 levels left

rFire    . . .     SeeInvis .   C - +0 great mace
rCold    . . .     Gourm    .   (shield currently unavailable)
rNeg     + . .     Faith    .   q - +0 plate armour
rPois    +         Spirit   .   B - +0 helmet
rElec    .         Reflect  .   m - +2 cloak {rPois}
rCorr    .         Harm     .   (no gloves)
MR       .....                  (no boots)
Stlth    ..........             (no amulet)
HPRegen  0.00/turn              j - ring of positive energy
MPRegen  0.22/turn              p - ring of magical power

@: very slow
A: distributed training, fangs 1, inhibited regeneration, strong nose
a: Bend Time, Temporal Distortion, Renounce Religion


You were on level 11 of the Dungeon.
You worshipped Cheibriados.
Cheibriados was most pleased with you.
You were not hungry.

You visited 2 branches of the dungeon, and saw 12 of its levels.
You also visited: Ossuary.

You collected 664 gold pieces.
You spent 247 gold pieces at shops.

Inventory:

Hand Weapons
 c - the +6 mace "Onick" {antimagic, Int+3}
   (You found it on level 5 of the Dungeon)

   It reduces the magical energy of the wielder, and disrupts the spells and
   magical abilities of those hit.
   Natural abilities and divine invocations are not affected.
   It affects your intelligence (+3).
 l - a +3 battleaxe
 C - a +0 great mace (weapon)
Missiles
 k - 6 curare-tipped darts (quivered)
Armour
 m - a +2 cloak of poison resistance (worn)
 q - a +0 plate armour (worn)
 B - a +0 helmet (worn)
 G - the +5 kite shield of Pemuixan {Dex+2}
   (You bought it in a shop on level 11 of the Dungeon)

   It affects your dexterity (+2).
Jewellery
 j - a ring of positive energy (left hand)
 p - a ring of magical power (right hand)
 x - an uncursed ring of wizardry
Wands
 a - a wand of disintegration (10)
 t - a wand of iceblast (3)
 z - a wand of digging (7)
Scrolls
 b - 7 scrolls of teleportation
 o - 6 scrolls of remove curse
 r - 2 scrolls of fog
 v - 3 scrolls of enchant armour
 w - 3 scrolls of identify
 D - a scroll of enchant weapon
Potions
 e - 3 potions of haste
 f - 2 potions of flight
 g - a potion of cancellation
 h - 5 potions of curing
 i - 3 potions of mutation
 s - 5 potions of stabbing
 u - 3 potions of brilliance
 A - a potion of resistance
Miscellaneous
 E - a box of beasts
Comestibles
 d - 18 rations


   Skills:
 + Level 10.9 Fighting
 + Level 7.0 Short Blades
 + Level 7.0 Long Blades
 + Level 7.0 Axes
 + Level 7.0 Maces & Flails
 + Level 7.0 Polearms
 + Level 7.0 Staves
 + Level 7.0 Slings
 + Level 7.0 Bows
 + Level 7.0 Crossbows
 + Level 7.5 Throwing
 + Level 8.5 Armour
 + Level 8.5 Dodging
 + Level 7.0 Stealth
 + Level 7.5 Shields
 + Level 7.0 Unarmed Combat
 + Level 7.0 Spellcasting
 + Level 5.8 Conjurations
 + Level 5.8 Hexes
 + Level 5.8 Charms
 + Level 5.8 Summonings
 + Level 5.8 Necromancy
 + Level 5.8 Translocations
 + Level 5.8 Transmutations
 + Level 5.8 Fire Magic
 + Level 5.8 Ice Magic
 + Level 5.8 Air Magic
 + Level 5.8 Earth Magic
 + Level 5.8 Poison Magic
 + Level 7.7 Invocations
 + Level 7.0 Evocations


You had 22 spell levels left.
You knew the following spells:

 Your Spells              Type           Power        Failure   Level  Hunger
a - Confusing Touch       Hex            ####....     22%         3    #......

Your spell library contained the following spells:

 Spells                   Type           Power        Failure   Level  Hunger
 Corona                   Hex            ####...      8%          1    None
 Ensorcelled Hibernation  Hex/Ice        ####..       12%         2    None
 Dazzling Flash           Conj/Hex       ####..       22%         3    #......
 Tukima's Dance           Hex            ####....     22%         3    #......


Dungeon Overview and Level Annotations

Branches:
Dungeon (11/15)            Temple (1/1) D:7            Lair (0/6) D:11
    Orc (0/2) D:11        Ossuary (visited)

Altars:
Ashenzari
Cheibriados
Dithmenos
Elyvilon
Fedhas
Gozag
Hepliaklqana
Kikubaaqudgha
Makhleb
Nemelex Xobeh
Okawaru
Qazlal
Ru
Sif Muna
Trog
Uskayaw
Vehumet
Wu Jian
Xom
Yredelemnul
Zin
The Shining One

Shops:
D:11 ([[*


Innate Abilities, Weirdness & Mutations

Your experience applies equally to all skills.
You have very sharp teeth.
Your uncanny sense of smell can sniff out nearby items.
You do not regenerate when monsters are visible.


Message History

The eight-headed hydra bites you but does no damage. x4
The eight-headed hydra barely misses you.
The eight-headed hydra bites you.
* * * LOW HITPOINT WARNING * * *
The eight-headed hydra bites you but does no damage. x2
Unknown command.
You hit the eight-headed hydra but do no damage.
The eight-headed hydra appears confused.
The eight-headed hydra is heavily wounded.
The shadow imp gestures at you.
You are unaffected.
You hit the shadow imp.
You bite the shadow imp, but do no damage.
The shadow imp is lightly wounded.
The shadow imp hits you but does no damage.
You hit the shadow imp.
The shadow imp is heavily wounded.
The shadow imp gestures at you. Pain shoots through your body!
You die...

....)(.[..((.....#.#######
# #
.######....(.....#....#
...# #[∩.......^#....#
##.# #).....(...#....# #
.# #..........#.#### # #
#########'##.# # #....#.#
# #.##.#.# . #.# #@..# ##
## ##5(# #D.# ∆ ∆ #..#
=.... ....#... #...>#^....
#...## .... #...# ....


You could see an eight-headed hydra (confused) and a shadow imp.

Vanquished Creatures
  A centaur warrior (D:11)
  3 death yaks (D:11)
  3 two-headed ogres
  Sonja (D:10)
  Pikel (D:5)
  An ugly thing (D:10)
  A cyclops (D:11)
  A kobold demonologist (D:11)
  A troll (D:10)
  2 hornets (D:10)
  2 hippogriffs
  6 yaks (D:10)
  A wyvern (D:11)
  A hungry ghost (D:7)
  An ice beast (D:6)
  2 orc warriors
  8 sky beasts
  3 slaves (D:5)
  A black bear (D:11)
  2 eyes of draining
  4 necrophages
  9 ogres
  A crocodile (D:8)
  2 centaurs
  An elf zombie (Ossuary)
  5 bullfrogs
  2 big kobolds
  A water moccasin zombie (D:7)
  A wyvern zombie (D:10)
  3 scorpions
  8 killer bees
  6 wights
  A howler monkey (D:8)
  5 crimson imps
  A bullfrog zombie (D:8)
  4 centaur zombies
  5 hounds
  3 jellies
  Crazy Yiuf (D:2)
  3 human zombies (Ossuary)
  3 orc priests
  9 orc wizards
  5 centaur skeletons
  4 bullfrog skeletons
  6 iguanas
  8 worker ants
  3 big kobold zombies (Ossuary)
  4 mummies
  4 hound zombies
  3 hound skeletons
  2 howler monkey zombies
  3 worker ant zombies
  3 gnolls (D:5)
  3 howler monkey skeletons
  20 adders
  3 shadow imps
  4 adder zombies
  An adder skeleton (D:6)
  5 worms
  3 dart slugs
  2 leopard geckos
  37 orcs
  6 bats
  6 giant cockroaches
  7 goblins
  5 hobgoblins
  13 jackals
  4 quokkas
  A giant cockroach zombie (D:5)
  A gnoll zombie (Ossuary)
  2 goblin zombies (Ossuary)
  2 hobgoblin zombies (Ossuary)
  2 jackal zombies (Ossuary)
  15 kobolds
  5 kobold zombies (Ossuary)
  3 quokka skeletons (D:4)
  5 quokka zombies (Ossuary)
  9 rats
  3 rat zombies (Ossuary)
332 creatures vanquished.

Vanquished Creatures (others)
  An elf zombie (Ossuary)
  An orc wizard (D:11)
  An orc (D:4)
3 creatures vanquished.

Grand Total: 335 creatures vanquished

Notes
Turn   | Place    | Note
-------+----------+-------------------------------------------
     0 | D:1      | RedPan the Gnoll Wanderer began the quest for the Orb.
     0 | D:1      | RedPan set off with the following items: a +2 spear, a
                  | scroll of teleportation, a +0 ring mail, a ration
     0 | D:1      | Reached XP level 1. HP: 26/26 MP: 1/1
   257 | D:1      | Reached XP level 2. HP: 31/33 MP: 2/2
   710 | D:2      | Found a runed translucent door.
   711 | D:2      | Noticed Crazy Yiuf
   769 | D:2      | Reached XP level 3. HP: 34/38 MP: 3/3
   811 | D:2      | Found an iron altar of Okawaru.
   890 | D:2      | Reached skill level 1 in Invocations
   895 | D:2      | Reached skill level 1 in Short Blades
   895 | D:2      | Reached skill level 1 in Long Blades
   895 | D:2      | Reached skill level 1 in Axes
   895 | D:2      | Reached skill level 1 in Maces & Flails
   895 | D:2      | Reached skill level 1 in Polearms
   895 | D:2      | Reached skill level 1 in Staves
   895 | D:2      | Reached skill level 1 in Slings
   895 | D:2      | Reached skill level 1 in Bows
   895 | D:2      | Reached skill level 1 in Crossbows
   895 | D:2      | Reached skill level 1 in Stealth
   895 | D:2      | Reached skill level 1 in Unarmed Combat
   895 | D:2      | Reached skill level 1 in Spellcasting
   895 | D:2      | Reached skill level 1 in Evocations
   904 | D:2      | Reached XP level 4. HP: 28/45 MP: 5/5
  1095 | D:2      | Found a blossoming altar of Fedhas.
  1135 | D:2      | Noticed a hippogriff
  1206 | D:2      | Reached skill level 1 in Conjurations
  1206 | D:2      | Reached skill level 1 in Hexes
  1206 | D:2      | Reached skill level 1 in Charms
  1206 | D:2      | Reached skill level 1 in Summonings
  1206 | D:2      | Reached skill level 1 in Necromancy
  1206 | D:2      | Reached skill level 1 in Translocations
  1206 | D:2      | Reached skill level 1 in Transmutations
  1206 | D:2      | Reached skill level 1 in Fire Magic
  1206 | D:2      | Reached skill level 1 in Ice Magic
  1206 | D:2      | Reached skill level 1 in Air Magic
  1206 | D:2      | Reached skill level 1 in Earth Magic
  1206 | D:2      | Reached skill level 1 in Poison Magic
  1383 | D:2      | Found a radiant altar of Vehumet.
  1467 | D:2      | Killed Crazy Yiuf
  1467 | D:2      | Reached XP level 5. HP: 35/51 MP: 5/7
  1637 | D:2      | Killed a hippogriff
  1637 | D:2      | Reached skill level 5 in Armour
  1637 | D:2      | Reached skill level 5 in Dodging
  1637 | D:2      | Reached XP level 6. HP: 28/57 MP: 8/8
  1814 | D:2      | Found a shimmering blue altar of Sif Muna.
  2350 | D:3      | Reached XP level 7. HP: 62/63 MP: 10/10
  2776 | D:4      | Found a sand-covered staircase.
  2786 | Ossuary  | Entered an ossuary
  3031 | Ossuary  | Reached skill level 9 in Fighting
  3123 | Ossuary  | Reached XP level 8. HP: 71/71 MP: 12/12
  3723 | D:5      | Entered Level 5 of the Dungeon
  4190 | D:5      | Found a white marble altar of Elyvilon.
  4569 | D:5      | Reached XP level 9. HP: 65/76 MP: 14/14
  5046 | D:5      | Got an ancient mace
  5047 | D:5      | Identified the +6 mace "Onick" {antimagic, Int+3} (You
                  | found it on level 5 of the Dungeon)
  5117 | D:6      | Noticed Pikel
  5198 | D:5      | Killed Pikel
  5198 | D:5      | Reached skill level 5 in Throwing
  5198 | D:5      | Reached skill level 5 in Shields
  5865 | D:7      | Reached skill level 5 in Invocations
  5956 | D:7      | Found a staircase to the Ecumenical Temple.
  5967 | Temple   | Entered the Ecumenical Temple
  5974 | Temple   | Became a worshipper of Cheibriados the Contemplative
  6021 | D:7      | Reached XP level 10. HP: 84/84 MP: 8/17
  6332 | D:7      | Found an opulent altar of Gozag.
  6349 | D:7      | Found a sacrificial altar of Ru.
  6359 | D:7      | Found a shadowy altar of Dithmenos.
  6447 | D:7      | Reached skill level 5 in Short Blades
  6447 | D:7      | Reached skill level 5 in Long Blades
  6447 | D:7      | Reached skill level 5 in Axes
  6447 | D:7      | Reached skill level 5 in Maces & Flails
  6447 | D:7      | Reached skill level 5 in Polearms
  6447 | D:7      | Reached skill level 5 in Staves
  6447 | D:7      | Reached skill level 5 in Slings
  6447 | D:7      | Reached skill level 5 in Bows
  6447 | D:7      | Reached skill level 5 in Crossbows
  6447 | D:7      | Reached skill level 5 in Stealth
  6447 | D:7      | Reached skill level 5 in Unarmed Combat
  6447 | D:7      | Reached skill level 5 in Spellcasting
  6447 | D:7      | Reached skill level 5 in Evocations
  7174 | D:8      | Reached * piety under Cheibriados
  7422 | D:8      | Reached skill level 10 in Fighting
  7743 | D:8      | Found a shattered altar of Ashenzari.
  7881 | D:8      | You fall into a shaft and drop 3 floors!
  7881 | D:11     | Found a staircase to the Lair.
  7881 | D:11     | Noticed a death yak
  7881 | D:11     | Noticed a death yak
  7882 | D:11     | Noticed a two-headed ogre
  7884 | D:11     | Found a gate leading to a gauntlet.
  7884 | D:11     | Found Cetunkig's General Store.
  7884 | D:11     | Noticed a cyan ugly thing
  7887 | D:11     | Noticed a death yak
  7887 | D:11     | Noticed a death yak
  7887 | D:11     | Noticed a death yak
  7887 | D:11     | Noticed a death yak
  7887 | D:11     | Noticed a death yak
  7887 | D:11     | Noticed a death yak
  7887 | D:11     | Noticed a kobold demonologist
  7888 | D:11     | Noticed a two-headed ogre
  7890 | D:11     | Found a staircase to the Orcish Mines.
  7890 | D:11     | Found Nurphung's Armour Shop.
  7934 | D:10     | Entered Level 10 of the Dungeon
  7945 | D:10     | Killed a red ugly thing
  7945 | D:10     | Reached ** piety under Cheibriados
  9000 | D:9      | Found a sparkling altar of Nemelex Xobeh.
  9060 | D:9      | Reached *** piety under Cheibriados
  9351 | D:10     | Noticed a two-headed ogre
  9361 | D:10     | Killed a two-headed ogre
  9361 | D:10     | Reached XP level 11. HP: 49/91 MP: 19/19
  9634 | D:10     | Noticed Sonja
  9678 | D:10     | Killed Sonja
 10027 | D:10     | Reached skill level 5 in Conjurations
 10027 | D:10     | Reached skill level 5 in Hexes
 10027 | D:10     | Reached skill level 5 in Charms
 10027 | D:10     | Reached skill level 5 in Summonings
 10027 | D:10     | Reached skill level 5 in Necromancy
 10027 | D:10     | Reached skill level 5 in Translocations
 10027 | D:10     | Reached skill level 5 in Transmutations
 10027 | D:10     | Reached skill level 5 in Fire Magic
 10027 | D:10     | Reached skill level 5 in Ice Magic
 10027 | D:10     | Reached skill level 5 in Air Magic
 10027 | D:10     | Reached skill level 5 in Earth Magic
 10027 | D:10     | Reached skill level 5 in Poison Magic
 11255 | D:11     | Found Duamus's Antique Armour Shop.
 11272 | D:11     | Reached **** piety under Cheibriados
 11299 | D:11     | Bought a heavily runed kite shield for 247 gold pieces
 11305 | D:11     | Identified the +5 kite shield of Pemuixan {Dex+2} (You
                  | bought it in a shop on level 11 of the Dungeon)
 11355 | D:11     | Found Noclomoy's Antique Weapon Boutique.
 11373 | D:11     | Killed a death yak
 11374 | D:11     | HP: 3/92 [death yak (11)]
 11378 | D:11     | Killed a death yak
 11739 | D:11     | Gained mutation: You do not regenerate when monsters are
                  | visible. [a neqoxec]
 11797 | D:11     | Killed a two-headed ogre
 11797 | D:11     | Reached XP level 12. HP: 32/99 MP: 22/22
 12097 | D:11     | Killed a two-headed ogre
 12105 | D:11     | Killed a death yak
 12313 | D:11     | Noticed a centaur warrior
 12324 | D:11     | HP: 2/99 [cyclops (14)]
 12326 | D:11     | Killed a centaur warrior
 12677 | D:11     | Learned a level 3 spell: Confusing Touch
 12693 | D:11     | Noticed an eight-headed hydra
 12702 | D:11     | HP: 4/99 [eight-headed hydra (10)]
 12703 | D:11     | HP: 1/99 [eight-headed hydra (3)]
 12707 | D:11     | Killed from afar by a shadow imp

Levels and vault maps discovered:
D:1:      evilmike_arrival_rings, layout_loops_ring, minmay_tromino_v4_c
D:2:      layout_rooms, lemuel_doored_altar, okawaru_gym_becter,
          old_standard_altar, old_standard_altar, kennysheep_generic_room_8,
          uniq_crazy_yiuf_cottage
D:3:      layout_loops_cross
D:4:      layout_rooms, enter_ossuary_1, first_ration
D:5:      layout_basic, elyvilon_altar_1, eino_tiny_chamber,
          minmay_strange_pillars, minmay_fractal_squares_diagonal_5
D:6:      layout_rooms, uniq_pikel
D:7:      layout_basic, minitemple, minmay_temple_entry_butterflies,
          serial_undead, serial_undead_d, serial_undead_d, serial_undead_b,
          serial_undead_b
D:8:      layout_loops_ring, overflow_temple_1_default
D:9:      layout_basic, nemelex_xobeh_ov_fountains_minmay
D:10:     layout_basic, uniq_sonja
D:11:     minmay_mutant_horseshoe, layout_basic, dpeg_lair_monsters,
          orc_david_3, gauntlet_entry_generic, serial_shops,
          kennysheep_little_box, nicolae_shop_crystal, shop, shop,
          nicolae_shop_behind_doors
Temple:   nicolae_temple_no_exploring_needed

Skill      XL: |  1  2  3  4  5  6  7  8  9 10 11 12 |
---------------+-------------------------------------+-----
Invocations    | 1 2 3 4 5 6 7 |  7.7
Short Blades   | 1 2 3 4 5 6 7 |  7.0
Long Blades    | 1 2 3 4 5 6 7 |  7.0
Axes           | 1 2 3 4 5 6 7 |  7.0
Maces & Flails | 1 2 3 4 5 6 7 |  7.0
Polearms       | 1 2 3 4 5 6 7 |  7.0
Staves         | 1 2 3 4 5 6 7 |  7.0
Slings         | 1 2 3 4 5 6 7 |  7.0
Bows           | 1 2 3 4 5 6 7 |  7.0
Crossbows      | 1 2 3 4 5 6 7 |  7.0
Stealth        | 1 2 3 4 5 6 7 |  7.0
Unarmed Combat | 1 2 3 4 5 6 7 |  7.0
Spellcasting   | 1 2 3 4 5 6 7 |  7.0
Evocations     | 1 2 3 4 5 6 7 |  7.0
Conjurations   | 1 2 3 4 5 |  5.8
Hexes          | 1 2 3 4 5 |  5.8
Charms         | 1 2 3 4 5 |  5.8
Summonings     | 1 2 3 4 5 |  5.8
Necromancy     | 1 2 3 4 5 |  5.8
Translocations | 1 2 3 4 5 |  5.8
Transmutations | 1 2 3 4 5 |  5.8
Fire Magic     | 1 2 3 4 5 |  5.8
Ice Magic      | 1 2 3 4 5 |  5.8
Air Magic      | 1 2 3 4 5 |  5.8
Earth Magic    | 1 2 3 4 5 |  5.8
Poison Magic   | 1 2 3 4 5 |  5.8
Throwing       | 3 4 5 6 7 |  7.5
Armour         | 5 6 7 8 |  8.5
Dodging        | 5 6 7 8 |  8.5
Shields        | 3 4 5 6 7 |  7.5
Fighting       | 9 10 | 10.9

Action                   |  1- 3 |  4- 6 |  7- 9 | 10-12 || total
-------------------------+-------+-------+-------+-------++-------
Melee: Spear             |    67 |    71 |       |       ||   138
       Bite              |     7 |    18 |    56 |    73 ||   154
       Quarterstaff      |       |    75 |   392 |       ||   467
       Mace              |       |       |    22 |    11 ||    33
       Battleaxe         |       |       |       |   452 ||   452
       Punch             |       |       |       |     1 ||     1
       Great mace        |       |       |       |     7 ||     7
 Cast: Confusing Touch   |       |       |       |     1 ||     1
Invok: Bend Time         |       |       |       |    16 ||    16
       Slouch            |       |       |       |     1 ||     1
Evoke: Wand              |       |       |       |     9 ||     9
  Use: Scroll            |     2 |     3 |    11 |     8 ||    24
       Potion            |       |     1 |     1 |    10 ||    12
 Stab: Sleeping          |       |     2 |       |       ||     2
       Paralysed         |       |       |     5 |       ||     5
       Petrified         |       |       |     3 |       ||     3
       Petrifying        |       |       |     2 |       ||     2
       Confused          |       |       |     1 |       ||     1
       Invisible         |       |       |       |     2 ||     2
  Eat: Chunk             |       |     5 |     8 |    13 ||    26
       Ration            |       |       |     2 |       ||     2
Armor: Ring mail         |    17 |    44 |     5 |       ||    66
       Plate armour      |       |       |   327 |   356 ||   683
       Skin              |       |       |       |    14 ||    14
Dodge: Dodged            |    36 |   104 |   163 |   326 ||   629

Table legend:
 A = Non-vault XP
 B = Vault XP
 C = Vault XP percentage of total XP
 D = Non-vault monster count
 E = Vault monster count
 F = Vault count percentage of total count
                 A         B        C        D         E       F
            +---------+---------+-------+---------+---------+-------
      Total |   15855 |    6466 |  29.0 |     268 |      63 |  19.0
            +---------+---------+-------+---------+---------+-------
        D:1 |      18 |       2 |  10.0 |      12 |       1 |   7.7
        D:2 |     374 |      68 |  15.4 |      26 |       3 |  10.3
        D:3 |     175 |       0 |   0.0 |      27 |       0 |   0.0
        D:4 |     180 |     118 |  39.6 |      18 |       1 |   5.3
        D:5 |    1145 |     748 |  39.5 |      30 |       5 |  14.3
        D:6 |     563 |       0 |   0.0 |      15 |       0 |   0.0
        D:7 |    1464 |     541 |  27.0 |      26 |       9 |  25.7
        D:8 |    1514 |       0 |   0.0 |      34 |       0 |   0.0
        D:9 |     788 |       0 |   0.0 |      22 |       0 |   0.0
       D:10 |    6032 |     807 |  11.8 |      38 |       1 |   2.6
       D:11 |    3602 |    3594 |  49.9 |      20 |       7 |  25.9
    Ossuary |       0 |     588 | 100.0 |       0 |      36 | 100.0
            +---------+---------+-------+---------+---------+-------
